[ PARTIDA AOE2 · #474056414 ]
UnrankedAztecas vs Jurchens
[ ANÁLISIS DE REPETICIÓN · EXTRAÍDO DE LA PARTIDA GRABADA ]
Feudal
14:22
Castillos
17:54
Imperial
31:36
| APM promedio | 36.7 |
| APM pico | 80 |
| eAPM promedio | 20.4 |
| Aldeanos / militares | 82 / 24 |
Foco
⚔️ 28.8% · 🌾 71.2%
Eagle Scout ×13 · Fishing Ship ×11 · Fire Galley ×10 · Monk ×1 · Unknown (2626) ×1
Feudal
14:48
Castillos
18:23
Imperial
31:07
| APM promedio | 34.6 |
| APM pico | 70 |
| eAPM promedio | 21.3 |
| Aldeanos / militares | 69 / 6 |
Foco
⚔️ 43.5% · 🌾 56.5%
Unknown (1911) ×20 · Fishing Ship ×10 · Unknown (2626) ×4 · Monk ×2 · Trebuchet (Packed) ×2 · Archer ×1
Feudal
13:47
Castillos
17:25
Imperial
32:32
| APM promedio | 40.3 |
| APM pico | 62 |
| eAPM promedio | 22.3 |
| Aldeanos / militares | 111 / 21 |
Foco
⚔️ 25.6% · 🌾 74.4%
Unknown (2626) ×17 · Fishing Ship ×15 · Knight ×9 · Camel Scout ×9 · Fire Galley ×2 · Trebuchet (Packed) ×1
Feudal
13:46
Castillos
17:21
Imperial
—
| APM promedio | 38.5 |
| APM pico | 63 |
| eAPM promedio | 19.9 |
| Aldeanos / militares | 107 / 82 |
Foco
⚔️ 29.0% · 🌾 71.0%
Knight ×80 · Fishing Ship ×13 · Scout Cavalry ×2 · Unknown (2626) ×2
Feudal
13:20
Castillos
16:59
Imperial
—
| APM promedio | 49.5 |
| APM pico | 92 |
| eAPM promedio | 25.4 |
| Aldeanos / militares | 75 / 18 |
Foco
⚔️ 43.4% · 🌾 56.6%
Unknown (2626) ×29 · Fishing Ship ×12 · Monk ×10 · Demolition Raft ×5 · Fire Galley ×3
Feudal
13:07
Castillos
16:46
Imperial
—
| APM promedio | 48.9 |
| APM pico | 95 |
| eAPM promedio | 24.7 |
| Aldeanos / militares | 82 / 39 |
Foco
⚔️ 23.7% · 🌾 76.3%
Mangudai ×27 · Mangonel ×8 · Fishing Ship ×7 · Battering Ram ×4 · Unknown (2626) ×3
Feudal
14:02
Castillos
17:46
Imperial
—
| APM promedio | 34.0 |
| APM pico | 56 |
| eAPM promedio | 19.6 |
| Aldeanos / militares | 105 / 14 |
Foco
⚔️ 27.2% · 🌾 72.8%
Fishing Ship ×14 · Throwing Axeman ×10 · Unknown (2626) ×8 · Mangonel ×4
Feudal
13:29
Castillos
17:02
Imperial
32:32
| APM promedio | 28.7 |
| APM pico | 51 |
| eAPM promedio | 19.8 |
| Aldeanos / militares | 146 / 26 |
Foco
⚔️ 34.1% · 🌾 65.9%
Unknown (2626) ×61 · Camel Scout ×23 · Fishing Ship ×9 · Demolition Raft ×2 · Monk ×1
Mapa de la partida
Recursos iniciales + cada clic de construcción. Líneas = muros · curvas = relieve. ◆ oro · ⬟ piedra · ● bayas · ✦ reliquia · ◌ hueco del cierre
Tu base· Abierta — flanco sin cerrar
Base de DemonSheep· Abierta — hueco de 6t
Base de [LuB]a61· Abierta — flanco sin cerrar
Base de 合川狗大高手· Abierta — flanco sin cerrar
Base de DYS.K· Abierta — flanco sin cerrar
Base de KDA HDT· Abierta — hueco de 14t
Base de DYS.Chipmunk· Abierta — flanco sin cerrar
Base de _LY_Pala· Abierta — flanco sin cerrar
Terreno inicial suavizado · ◌ = hueco del cierre detectado · pasá el cursor para detalles
Inputs por minuto
— B站帝国时代2骑士老爷 - - DemonSheep
Build order — B站帝国时代2骑士老爷
Primeras 150 de 236 acciones detectadas
| 0:44 | Construir | Town Center |
| 1:30 | Construir | Dock |
| 1:33 | Construir | Palisade Wall |
| 1:36 | Construir | House |
| 1:38 | Construir | Palisade Wall |
| 2:31 | Construir | Palisade Wall |
| 2:45 | Construir | Palisade Wall |
| 3:00 | Construir | Palisade Wall |
| 3:05 | Construir | Palisade Wall |
| 3:16 | Construir | Palisade Wall |
| 3:24 | Crear | Villager (Male) |
| 3:24 | Crear | Villager (Male) |
| 3:24 | Crear | Villager (Male) |
| 3:24 | Crear | Villager (Male) |
| 4:28 | Crear | Villager (Male) |
| 4:56 | Crear | Villager (Male) |
| 5:24 | Construir | House |
| 5:34 | Crear | Villager (Male) |
| 6:03 | Crear | Villager (Male) |
| 6:24 | Crear | Villager (Male) |
| 6:34 | Crear | Fishing Ship |
| 6:56 | Crear | Villager (Male) |
| 7:24 | Construir | House |
| 7:31 | Crear | Villager (Male) |
| 7:51 | Crear | Fishing Ship |
| 7:55 | Crear | Villager (Male) |
| 8:13 | Crear | Villager (Male) |
| 8:36 | Construir | House |
| 8:38 | Crear | Fishing Ship |
| 8:41 | Crear | Villager (Male) |
| 8:41 | Crear | Villager (Male) |
| 9:10 | Construir | House |
| 9:15 | Crear | Fishing Ship |
| 9:18 | Construir | House |
| 9:23 | Construir | House |
| 9:29 | Crear | Villager (Male) |
| 9:43 | Crear | Villager (Male) |
| 9:44 | Crear | Fishing Ship |
| 10:16 | Construir | Mill |
| 10:20 | Crear | Villager (Male) |
| 10:36 | Crear | Villager (Male) |
| 10:39 | Crear | Fishing Ship |
| 11:03 | Crear | Fishing Ship |
| 11:04 | Crear | Villager (Male) |
| 11:24 | Construir | House |
| 11:47 | Crear | Villager (Male) |
| 12:08 | Investigar | Feudal Age |
| 13:12 | Crear | Villager (Male) |
| 13:12 | Crear | Villager (Male) |
| 14:22 | Edad | Edad Feudal |
| 14:23 | Construir | Market |
| 14:25 | Construir | Blacksmith |
| 15:14 | Investigar | Castle Age |
| 15:39 | Construir | House |
| 15:47 | Crear | Fire Galley |
| 16:08 | Construir | House |
| 16:27 | Construir | Lumber Camp |
| 16:35 | Crear | Fire Galley |
| 16:43 | Investigar | Double-Bit Axe |
| 17:00 | Crear | Fire Galley |
| 17:19 | Crear | Villager (Male) |
| 17:20 | Crear | Villager (Male) |
| 17:23 | Investigar | Loom |
| 17:23 | Crear | Villager (Male) |
| 17:23 | Crear | Villager (Male) |
| 17:54 | Edad | Edad de los Castillos |
| 18:24 | Crear | Fire Galley |
| 18:39 | Crear | Unit 2626 |
| 18:45 | Crear | Villager (Male) |
| 18:46 | Crear | Villager (Male) |
| 18:49 | Crear | Fire Galley |
| 18:49 | Crear | Fire Galley |
| 18:53 | Construir | Dock |
| 18:58 | Construir | Dock |
| 19:12 | Investigar | Bow Saw |
| 19:23 | Crear | Villager (Male) |
| 19:41 | Construir | Town Center |
| 20:11 | Crear | Villager (Male) |
| 20:15 | Investigar | War Galley (upgrade) |
| 20:38 | Crear | Villager (Male) |
| 20:41 | Crear | Fire Galley |
| 20:41 | Crear | Fire Galley |
| 20:50 | Construir | House |
| 20:51 | Construir | House |
| 20:54 | Crear | Villager (Male) |
| 21:00 | Crear | Villager (Male) |
| 21:17 | Crear | Fire Galley |
| 21:17 | Crear | Fire Galley |
| 21:40 | Crear | Villager (Male) |
| 21:41 | Crear | Villager (Male) |
| 21:41 | Crear | Villager (Male) |
| 21:43 | Crear | Villager (Male) |
| 21:43 | Crear | Villager (Male) |
| 21:43 | Crear | Villager (Male) |
| 22:07 | Crear | Fishing Ship |
| 22:07 | Crear | Fishing Ship |
| 22:07 | Crear | Fishing Ship |
| 22:08 | Crear | Fishing Ship |
| 22:15 | Crear | Villager (Male) |
| 22:37 | Construir | Town Center |
| 22:49 | Crear | Villager (Male) |
| 22:50 | Crear | Villager (Male) |
| 22:51 | Investigar | Town Watch |
| 22:52 | Investigar | Wheelbarrow |
| 22:54 | Investigar | Horse Collar |
| 22:59 | Construir | House |
| 23:00 | Construir | House |
| 23:09 | Construir | House |
| 23:09 | Construir | House |
| 23:11 | Construir | House |
| 23:11 | Construir | House |
| 23:13 | Crear | Villager (Male) |
| 23:42 | Crear | Villager (Male) |
| 23:43 | Crear | Villager (Male) |
| 23:44 | Crear | Villager (Male) |
| 23:46 | Crear | Villager (Male) |
| 23:54 | Crear | Villager (Male) |
| 24:00 | Construir | Farm |
| 24:01 | Construir | Farm |
| 24:01 | Construir | Farm |
| 24:02 | Construir | Farm |
| 24:02 | Construir | Farm |
| 24:02 | Construir | Farm |
| 24:03 | Investigar | Heavy Plow |
| 24:06 | Crear | Villager (Male) |
| 24:09 | Construir | House |
| 24:10 | Construir | House |
| 24:11 | Crear | Villager (Male) |
| 24:14 | Construir | Monastery |
| 24:24 | Construir | Mill |
| 24:37 | Crear | Villager (Male) |
| 24:49 | Crear | Villager (Male) |
| 24:51 | Construir | Farm |
| 24:53 | Construir | Farm |
| 25:04 | Crear | Villager (Male) |
| 25:10 | Construir | Mining Camp |
| 25:13 | Crear | Villager (Male) |
| 25:16 | Construir | Farm |
| 25:20 | Construir | Farm |
| 25:24 | Construir | House |
| 25:25 | Construir | House |
| 25:27 | Construir | House |
| 25:28 | Construir | House |
| 25:31 | Crear | Villager (Male) |
| 25:32 | Crear | Villager (Male) |
| 25:41 | Investigar | Hand Cart |
| 25:58 | Crear | Villager (Male) |
| 25:59 | Crear | Villager (Male) |
| 26:00 | Crear | Villager (Male) |
| 26:10 | Crear | Villager (Male) |
Build order — DemonSheep
Primeras 150 de 189 acciones detectadas
| 0:10 | Construir | Town Center |
| 1:33 | Construir | Dock |
| 1:34 | Construir | House |
| 2:31 | Crear | Villager (Male) ×4 |
| 4:04 | Crear | Fishing Ship |
| 4:20 | Crear | Villager (Male) |
| 4:27 | Construir | House |
| 4:51 | Crear | Villager (Male) |
| 5:21 | Crear | Villager (Male) |
| 5:27 | Crear | Fishing Ship |
| 5:47 | Crear | Villager (Male) |
| 5:56 | Construir | House |
| 6:11 | Crear | Villager (Male) |
| 6:20 | Crear | Fishing Ship |
| 6:35 | Crear | Villager (Male) |
| 7:01 | Crear | Villager (Male) |
| 7:04 | Crear | Fishing Ship |
| 7:23 | Crear | Villager (Male) |
| 7:23 | Crear | Villager (Male) |
| 7:26 | Construir | House |
| 7:43 | Crear | Villager (Male) |
| 7:43 | Crear | Villager (Male) |
| 7:50 | Crear | Fishing Ship |
| 8:01 | Crear | Villager (Male) |
| 8:18 | Crear | Villager (Male) |
| 8:24 | Crear | Fishing Ship |
| 8:28 | Construir | House |
| 8:34 | Crear | Villager (Male) |
| 8:34 | Crear | Villager (Male) |
| 8:45 | Crear | Villager (Male) |
| 8:56 | Crear | Fishing Ship |
| 9:00 | Crear | Villager (Male) |
| 9:13 | Crear | Villager (Male) |
| 9:43 | Construir | Dock |
| 9:45 | Crear | Villager (Male) |
| 9:58 | Crear | Fishing Ship |
| 10:28 | Construir | House |
| 10:49 | Crear | Villager (Male) |
| 10:52 | Crear | Fishing Ship |
| 11:12 | Crear | Fishing Ship |
| 11:14 | Construir | House |
| 11:19 | Crear | Villager (Male) |
| 11:44 | Crear | Villager (Male) |
| 12:00 | Construir | Mill |
| 12:15 | Construir | Mining Camp |
| 12:34 | Investigar | Loom |
| 12:34 | Investigar | Loom |
| 12:37 | Investigar | Feudal Age |
| 12:39 | Crear | Villager (Male) |
| 12:40 | Investigar | Loom |
| 13:57 | Construir | Barracks |
| 14:48 | Edad | Edad Feudal |
| 14:53 | Construir | Archery Range |
| 14:57 | Construir | Blacksmith |
| 15:43 | Investigar | Castle Age |
| 15:43 | Investigar | Castle Age |
| 15:46 | Crear | Spearman |
| 15:58 | Investigar | Gold Mining |
| 16:08 | Construir | Palisade Gate |
| 16:18 | Investigar | Padded Archer Armor |
| 16:33 | Crear | Unit 2626 |
| 16:33 | Crear | Unit 2626 |
| 17:00 | Construir | House |
| 17:01 | Construir | House |
| 17:04 | Crear | Archer |
| 17:07 | Construir | House |
| 17:45 | Construir | House |
| 18:15 | Construir | Stone Wall |
| 18:17 | Construir | Stone Wall |
| 18:23 | Edad | Edad de los Castillos |
| 18:24 | Crear | Villager (Male) |
| 18:26 | Crear | Unit 1911 |
| 18:26 | Crear | Unit 1911 |
| 18:28 | Crear | Unit 1911 |
| 18:33 | Construir | Lumber Camp |
| 18:35 | Construir | Monastery |
| 18:55 | Crear | Unit 2626 |
| 18:56 | Crear | Unit 2626 |
| 19:12 | Crear | Villager (Male) |
| 19:12 | Crear | Villager (Male) |
| 19:12 | Crear | Villager (Male) |
| 19:13 | Crear | Villager (Male) |
| 19:15 | Investigar | Double-Bit Axe |
| 19:15 | Investigar | Double-Bit Axe |
| 19:20 | Crear | Monk |
| 19:27 | Crear | Unit 1911 |
| 19:33 | Crear | Villager (Male) |
| 19:37 | Construir | Outpost |
| 19:40 | Construir | Gate |
| 19:46 | Crear | Villager (Male) |
| 19:55 | Construir | Stone Wall |
| 19:59 | Crear | Unit 1911 |
| 20:08 | Crear | Villager (Male) |
| 20:47 | Construir | Dock |
| 21:00 | Crear | Unit 1911 |
| 21:00 | Crear | Unit 1911 |
| 21:01 | Crear | Villager (Male) |
| 21:01 | Crear | Villager (Male) |
| 21:38 | Construir | Stone Wall |
| 21:43 | Crear | Villager (Male) |
| 21:43 | Crear | Villager (Male) |
| 21:46 | Construir | Farm |
| 21:46 | Construir | Farm |
| 21:47 | Construir | Farm |
| 21:48 | Construir | Farm |
| 21:49 | Construir | Farm |
| 21:50 | Construir | Farm |
| 21:51 | Construir | Farm |
| 22:09 | Construir | Mining Camp |
| 22:15 | Crear | Villager (Male) |
| 22:15 | Crear | Villager (Male) |
| 22:20 | Construir | Town Center |
| 22:47 | Crear | Unit 1911 |
| 22:48 | Crear | Unit 1911 |
| 23:09 | Crear | Villager (Male) |
| 23:16 | Investigar | Wheelbarrow |
| 23:16 | Investigar | Wheelbarrow |
| 23:24 | Crear | Unit 1911 |
| 23:36 | Crear | Villager (Male) |
| 23:37 | Crear | Villager (Male) |
| 23:37 | Crear | Villager (Male) |
| 23:44 | Construir | Farm |
| 23:44 | Construir | Farm |
| 23:44 | Construir | Farm |
| 23:48 | Construir | Farm |
| 23:48 | Construir | Farm |
| 23:49 | Construir | Farm |
| 23:49 | Construir | Farm |
| 24:02 | Crear | Villager (Male) |
| 24:03 | Crear | Villager (Male) |
| 24:10 | Construir | Palisade Wall |
| 24:11 | Construir | Palisade Wall |
| 24:13 | Construir | Palisade Wall |
| 24:14 | Construir | Palisade Wall |
| 24:19 | Construir | Palisade Wall |
| 24:25 | Crear | Villager (Male) |
| 24:28 | Construir | Farm |
| 24:30 | Construir | Farm |
| 24:31 | Crear | Villager (Male) |
| 24:32 | Crear | Villager (Male) |
| 24:53 | Crear | Unit 1911 |
| 24:53 | Crear | Unit 1911 |
| 24:57 | Construir | Market |
| 25:26 | Crear | Villager (Male) |
| 25:26 | Crear | Villager (Male) |
| 25:32 | Construir | Stone Wall |
| 25:41 | Crear | Villager (Male) |
| 25:42 | Crear | Villager (Male) |
| 26:26 | Crear | Villager (Male) |
| 26:27 | Crear | Villager (Male) |
Build order — [LuB]a61
Primeras 150 de 307 acciones detectadas
| 0:26 | Construir | Town Center |
| 0:57 | Construir | Dock |
| 0:59 | Construir | House |
| 2:37 | Crear | Villager (Male) |
| 2:37 | Crear | Villager (Male) |
| 2:38 | Crear | Villager (Male) |
| 2:38 | Crear | Villager (Male) |
| 3:32 | Crear | Fishing Ship |
| 3:58 | Construir | House |
| 3:59 | Crear | Villager (Male) |
| 4:45 | Crear | Villager (Male) |
| 4:45 | Crear | Villager (Male) |
| 5:04 | Crear | Villager (Male) |
| 5:04 | Crear | Fishing Ship |
| 5:35 | Crear | Villager (Male) |
| 5:40 | Construir | House |
| 5:45 | Crear | Villager (Male) |
| 6:11 | Crear | Villager (Male) |
| 6:23 | Crear | Fishing Ship |
| 6:28 | Crear | Villager (Male) |
| 6:49 | Crear | Villager (Male) |
| 7:05 | Crear | Fishing Ship |
| 7:10 | Construir | House |
| 7:13 | Crear | Villager (Male) |
| 7:40 | Crear | Fishing Ship |
| 7:42 | Crear | Villager (Male) |
| 8:10 | Construir | Dock |
| 8:12 | Construir | Palisade Wall |
| 8:20 | Crear | Fishing Ship |
| 8:21 | Crear | Villager (Male) |
| 8:42 | Crear | Fishing Ship |
| 8:42 | Crear | Villager (Male) |
| 8:50 | Crear | Fishing Ship |
| 8:58 | Construir | House |
| 9:05 | Construir | House |
| 9:10 | Construir | Mill |
| 9:19 | Crear | Villager (Male) |
| 9:34 | Crear | Fishing Ship |
| 9:49 | Crear | Fishing Ship |
| 9:50 | Crear | Villager (Male) |
| 10:06 | Crear | Fishing Ship |
| 10:15 | Construir | House |
| 10:26 | Crear | Villager (Male) |
| 10:45 | Construir | Mining Camp |
| 10:58 | Investigar | Loom |
| 11:05 | Crear | Fishing Ship |
| 11:06 | Crear | Fishing Ship |
| 11:37 | Investigar | Feudal Age |
| 11:47 | Construir | Lumber Camp |
| 13:02 | Crear | Fishing Ship |
| 13:05 | Crear | Fishing Ship |
| 13:47 | Edad | Edad Feudal |
| 13:49 | Construir | Market |
| 13:49 | Crear | Villager (Male) |
| 13:53 | Construir | Blacksmith |
| 14:03 | Investigar | Double-Bit Axe |
| 14:07 | Crear | Villager (Male) |
| 14:14 | Investigar | Tech 906 |
| 14:34 | Construir | House |
| 14:45 | Investigar | Castle Age |
| 14:56 | Construir | House |
| 15:01 | Investigar | Double-Bit Axe |
| 15:01 | Investigar | Double-Bit Axe |
| 15:14 | Crear | Unit 2626 |
| 15:14 | Crear | Unit 2626 |
| 15:31 | Construir | House |
| 15:33 | Crear | Villager (Male) |
| 15:43 | Investigar | Gold Mining |
| 15:44 | Construir | House |
| 15:46 | Construir | House |
| 15:48 | Construir | Palisade Wall |
| 15:49 | Construir | Palisade Wall |
| 15:50 | Construir | Palisade Wall |
| 15:56 | Crear | Unit 2626 |
| 16:09 | Crear | Unit 2626 |
| 16:13 | Construir | House |
| 16:44 | Construir | Palisade Wall |
| 16:46 | Construir | Palisade Wall |
| 16:49 | Construir | Palisade Wall |
| 16:51 | Construir | Palisade Wall |
| 16:57 | Construir | Palisade Wall |
| 16:58 | Construir | Palisade Wall |
| 17:06 | Construir | House |
| 17:08 | Crear | Unit 2626 |
| 17:09 | Crear | Unit 2626 |
| 17:11 | Construir | House |
| 17:12 | Crear | Villager (Male) |
| 17:25 | Edad | Edad de los Castillos |
| 17:28 | Investigar | War Galley (upgrade) |
| 17:46 | Crear | Villager (Male) |
| 17:47 | Construir | House |
| 17:50 | Investigar | Bow Saw |
| 17:50 | Investigar | Bow Saw |
| 18:06 | Crear | Unit 2626 |
| 18:06 | Crear | Unit 2626 |
| 18:18 | Crear | Villager (Male) |
| 18:21 | Construir | House |
| 18:23 | Construir | House |
| 18:24 | Construir | House |
| 18:26 | Construir | Palisade Wall |
| 18:39 | Crear | Villager (Male) |
| 18:48 | Construir | Dock |
| 19:12 | Crear | Unit 2626 |
| 19:12 | Crear | Unit 2626 |
| 19:23 | Construir | Town Center |
| 19:34 | Crear | Villager (Male) |
| 19:35 | Crear | Villager (Male) |
| 19:38 | Crear | Unit 2626 |
| 19:38 | Crear | Unit 2626 |
| 19:57 | Crear | Villager (Male) |
| 20:07 | Construir | Town Center |
| 20:27 | Crear | Villager (Male) |
| 20:30 | Construir | Lumber Camp |
| 20:32 | Crear | Villager (Male) |
| 20:48 | Crear | Villager (Male) |
| 20:59 | Crear | Villager (Male) |
| 21:08 | Crear | Fire Galley |
| 21:08 | Crear | Fire Galley |
| 21:18 | Crear | Villager (Male) |
| 21:19 | Crear | Villager (Male) |
| 21:22 | Crear | Villager (Male) |
| 21:32 | Crear | Villager (Male) |
| 21:35 | Crear | Villager (Male) |
| 21:45 | Crear | Villager (Male) |
| 21:50 | Construir | Town Center |
| 21:58 | Construir | House |
| 22:00 | Construir | House |
| 22:04 | Investigar | Wheelbarrow |
| 22:05 | Crear | Villager (Male) |
| 22:07 | Crear | Villager (Male) |
| 22:19 | Crear | Villager (Male) |
| 22:36 | Crear | Villager (Male) |
| 22:40 | Crear | Villager (Male) |
| 22:44 | Crear | Villager (Male) |
| 22:51 | Crear | Villager (Male) |
| 22:56 | Investigar | Horse Collar |
| 22:57 | Crear | Villager (Male) |
| 22:58 | Crear | Villager (Male) |
| 23:02 | Construir | Farm |
| 23:02 | Construir | Farm |
| 23:02 | Construir | Farm |
| 23:02 | Construir | Farm |
| 23:03 | Construir | Farm |
| 23:03 | Construir | Farm |
| 23:03 | Construir | Farm |
| 23:03 | Construir | Farm |
| 23:04 | Construir | Farm |
| 23:04 | Construir | Farm |
| 23:09 | Crear | Villager (Male) |
| 23:10 | Construir | Farm |
Build order — 合川狗大高手
Primeras 150 de 340 acciones detectadas
| 0:10 | Construir | Town Center |
| 0:21 | Construir | Dock |
| 0:22 | Construir | House |
| 2:31 | Crear | Villager (Male) |
| 2:31 | Crear | Villager (Male) |
| 2:31 | Crear | Villager (Male) |
| 2:31 | Crear | Villager (Male) |
| 2:32 | Crear | Villager (Male) |
| 3:27 | Crear | Villager (Male) |
| 3:31 | Crear | Fishing Ship |
| 4:21 | Crear | Fishing Ship |
| 4:23 | Investigar | Loom |
| 4:46 | Construir | House |
| 4:59 | Crear | Villager (Male) |
| 5:24 | Crear | Fishing Ship |
| 5:37 | Crear | Villager (Male) |
| 5:56 | Crear | Villager (Male) |
| 6:06 | Crear | Fishing Ship |
| 6:16 | Construir | House |
| 6:19 | Crear | Villager (Male) |
| 6:26 | Crear | Fishing Ship |
| 6:43 | Crear | Villager (Male) |
| 6:43 | Crear | Villager (Male) |
| 6:46 | Crear | Villager (Male) |
| 7:10 | Crear | Fishing Ship |
| 7:10 | Crear | Fishing Ship |
| 7:20 | Construir | House |
| 7:26 | Crear | Villager (Male) |
| 7:52 | Crear | Fishing Ship |
| 8:00 | Crear | Villager (Male) |
| 8:07 | Construir | House |
| 8:21 | Crear | Fishing Ship |
| 8:23 | Crear | Villager (Male) |
| 8:46 | Construir | House |
| 8:52 | Crear | Fishing Ship |
| 8:59 | Crear | Villager (Male) |
| 9:18 | Crear | Villager (Male) |
| 9:45 | Construir | House |
| 9:46 | Crear | Villager (Male) |
| 9:50 | Crear | Fishing Ship |
| 9:53 | Crear | Villager (Male) |
| 10:11 | Construir | Dock |
| 10:25 | Crear | Villager (Male) |
| 10:34 | Crear | Fishing Ship |
| 10:52 | Construir | Mining Camp |
| 10:54 | Crear | Villager (Male) |
| 10:57 | Crear | Fishing Ship |
| 11:29 | Investigar | Feudal Age |
| 11:42 | Construir | House |
| 12:06 | Construir | Mill |
| 13:05 | Construir | Barracks |
| 13:32 | Crear | Villager (Male) |
| 13:46 | Edad | Edad Feudal |
| 13:51 | Construir | Market |
| 13:56 | Construir | Stable |
| 14:10 | Investigar | Town Watch |
| 14:41 | Investigar | Castle Age |
| 14:46 | Construir | Lumber Camp |
| 14:49 | Crear | Scout Cavalry |
| 15:17 | Investigar | Double-Bit Axe |
| 15:30 | Investigar | Tech 906 |
| 15:39 | Investigar | Horse Collar |
| 15:39 | Investigar | Horse Collar |
| 16:26 | Crear | Scout Cavalry |
| 16:57 | Crear | Villager (Male) |
| 17:21 | Edad | Edad de los Castillos |
| 17:24 | Investigar | Bow Saw |
| 17:26 | Investigar | Heavy Plow |
| 17:30 | Construir | Town Center |
| 17:34 | Crear | Villager (Male) |
| 17:54 | Crear | Villager (Male) |
| 18:16 | Crear | Villager (Male) |
| 18:23 | Construir | Town Center |
| 18:39 | Investigar | Gillnets |
| 18:41 | Crear | Villager (Male) |
| 18:46 | Investigar | Gold Mining |
| 18:50 | Construir | Farm |
| 18:55 | Crear | Villager (Male) |
| 18:56 | Crear | Villager (Male) |
| 19:06 | Crear | Villager (Male) |
| 19:09 | Construir | House |
| 19:10 | Construir | House |
| 19:23 | Crear | Villager (Male) |
| 19:24 | Crear | Villager (Male) |
| 19:27 | Construir | Farm |
| 19:28 | Construir | Farm |
| 19:44 | Crear | Unit 2626 |
| 19:46 | Crear | Unit 2626 |
| 19:50 | Crear | Villager (Male) |
| 19:51 | Crear | Villager (Male) |
| 19:52 | Crear | Villager (Male) |
| 20:03 | Crear | Villager (Male) |
| 20:09 | Construir | Farm |
| 20:20 | Crear | Villager (Male) |
| 20:20 | Crear | Villager (Male) |
| 20:23 | Crear | Villager (Male) |
| 20:25 | Construir | Mill |
| 20:42 | Crear | Villager (Male) |
| 20:44 | Crear | Villager (Male) |
| 20:45 | Crear | Villager (Male) |
| 20:48 | Construir | Mill |
| 20:52 | Construir | House |
| 20:53 | Construir | House |
| 20:59 | Crear | Villager (Male) |
| 21:01 | Construir | Farm |
| 21:18 | Crear | Villager (Male) |
| 21:22 | Construir | Farm |
| 21:23 | Construir | Farm |
| 21:24 | Construir | Farm |
| 21:31 | Construir | Farm |
| 21:32 | Crear | Villager (Male) |
| 21:33 | Crear | Villager (Male) |
| 21:42 | Construir | Castle |
| 21:49 | Construir | Farm |
| 21:52 | Investigar | Wheelbarrow |
| 21:56 | Construir | House |
| 21:57 | Construir | House |
| 22:05 | Crear | Villager (Male) |
| 22:06 | Crear | Villager (Male) |
| 22:08 | Construir | Farm |
| 22:10 | Construir | Farm |
| 22:31 | Crear | Villager (Male) |
| 22:33 | Crear | Villager (Male) |
| 22:37 | Construir | Farm |
| 22:48 | Crear | Villager (Male) |
| 22:49 | Crear | Villager (Male) |
| 22:50 | Crear | Villager (Male) |
| 22:58 | Construir | Mill |
| 22:59 | Construir | Farm |
| 23:00 | Construir | Farm |
| 23:01 | Construir | Farm |
| 23:05 | Construir | House |
| 23:05 | Construir | House |
| 23:06 | Construir | House |
| 23:14 | Crear | Villager (Male) |
| 23:17 | Construir | Farm |
| 23:21 | Crear | Villager (Male) |
| 23:22 | Construir | Lumber Camp |
| 23:26 | Construir | Farm |
| 23:33 | Investigar | Szlachta Privileges |
| 23:41 | Construir | Stable |
| 23:44 | Crear | Villager (Male) |
| 23:45 | Crear | Villager (Male) |
| 23:47 | Crear | Villager (Male) |
| 23:50 | Construir | Farm |
| 23:51 | Crear | Villager (Male) |
| 23:53 | Construir | Farm |
| 24:07 | Investigar | Bloodlines |
| 24:09 | Crear | Villager (Male) |
| 24:13 | Construir | Farm |
Build order — DYS.K
Primeras 150 de 201 acciones detectadas
| 0:15 | Construir | Town Center |
| 1:15 | Construir | Dock |
| 1:18 | Construir | House |
| 2:38 | Crear | Villager (Male) |
| 2:38 | Crear | Villager (Male) |
| 2:39 | Crear | Villager (Male) |
| 2:39 | Crear | Villager (Male) |
| 4:02 | Crear | Fishing Ship |
| 4:16 | Crear | Villager (Male) |
| 4:21 | Construir | House |
| 4:43 | Crear | Villager (Male) |
| 5:06 | Crear | Villager (Male) |
| 5:23 | Crear | Villager (Male) |
| 5:45 | Crear | Villager (Male) |
| 5:55 | Crear | Fishing Ship |
| 6:16 | Construir | House |
| 6:21 | Crear | Villager (Male) |
| 6:33 | Crear | Villager (Male) |
| 6:58 | Crear | Villager (Male) |
| 6:58 | Crear | Villager (Male) |
| 7:11 | Crear | Fishing Ship |
| 7:18 | Construir | House |
| 7:34 | Crear | Villager (Male) |
| 7:35 | Crear | Fishing Ship |
| 7:57 | Crear | Fishing Ship |
| 7:58 | Crear | Villager (Male) |
| 8:02 | Construir | House |
| 8:26 | Crear | Villager (Male) |
| 8:27 | Crear | Villager (Male) |
| 8:27 | Crear | Villager (Male) |
| 8:41 | Crear | Fishing Ship |
| 8:59 | Crear | Villager (Male) |
| 9:42 | Construir | House |
| 9:51 | Crear | Villager (Male) |
| 10:14 | Construir | Mill |
| 10:18 | Crear | Villager (Male) |
| 10:19 | Crear | Fishing Ship |
| 10:24 | Construir | Dock |
| 10:59 | Crear | Fishing Ship |
| 11:02 | Crear | Fishing Ship |
| 11:10 | Investigar | Feudal Age |
| 11:30 | Crear | Fishing Ship |
| 11:36 | Crear | Fishing Ship |
| 12:00 | Construir | House |
| 12:27 | Crear | Fishing Ship |
| 13:20 | Edad | Edad Feudal |
| 13:20 | Crear | Villager (Male) |
| 13:24 | Construir | Market |
| 13:33 | Construir | Blacksmith |
| 13:44 | Crear | Villager (Male) |
| 14:19 | Investigar | Castle Age |
| 14:29 | Crear | Unit 2626 |
| 14:30 | Crear | Unit 2626 |
| 14:45 | Investigar | Double-Bit Axe |
| 15:08 | Construir | House |
| 15:09 | Construir | Palisade Wall |
| 15:13 | Crear | Unit 2626 |
| 15:21 | Crear | Unit 2626 |
| 15:21 | Crear | Unit 2626 |
| 15:30 | Construir | House |
| 15:45 | Construir | House |
| 16:01 | Construir | House |
| 16:03 | Construir | Palisade Wall |
| 16:32 | Crear | Fire Galley |
| 16:33 | Crear | Fire Galley |
| 16:59 | Investigar | Forging |
| 16:59 | Edad | Edad de los Castillos |
| 17:07 | Investigar | War Galley (upgrade) |
| 17:09 | Investigar | Bow Saw |
| 17:10 | Crear | Villager (Male) |
| 17:19 | Crear | Villager (Male) |
| 17:24 | Investigar | Loom |
| 17:38 | Crear | Unit 2626 |
| 17:38 | Crear | Unit 2626 |
| 17:58 | Crear | Villager (Male) |
| 18:06 | Investigar | Iron Casting |
| 18:45 | Crear | Unit 2626 |
| 18:46 | Crear | Unit 2626 |
| 18:47 | Crear | Villager (Male) |
| 18:48 | Crear | Villager (Male) |
| 18:59 | Crear | Villager (Male) |
| 19:07 | Crear | Unit 2626 |
| 19:07 | Crear | Unit 2626 |
| 19:18 | Crear | Villager (Male) |
| 19:49 | Crear | Unit 2626 |
| 19:49 | Crear | Unit 2626 |
| 20:03 | Crear | Unit 2626 |
| 20:03 | Crear | Unit 2626 |
| 20:04 | Crear | Villager (Male) |
| 20:04 | Crear | Villager (Male) |
| 20:18 | Crear | Unit 2626 |
| 20:18 | Crear | Unit 2626 |
| 20:24 | Crear | Villager (Male) |
| 20:29 | Construir | Town Center |
| 20:36 | Construir | House |
| 20:40 | Construir | House |
| 20:48 | Construir | Palisade Gate |
| 20:54 | Construir | House |
| 21:08 | Crear | Villager (Male) |
| 21:30 | Crear | Villager (Male) |
| 21:30 | Crear | Villager (Male) |
| 21:57 | Crear | Villager (Male) |
| 21:57 | Crear | Villager (Male) |
| 21:58 | Crear | Unit 2626 |
| 21:59 | Crear | Unit 2626 |
| 22:00 | Crear | Unit 2626 |
| 22:00 | Crear | Unit 2626 |
| 22:14 | Crear | Villager (Male) |
| 22:55 | Crear | Unit 2626 |
| 22:55 | Crear | Unit 2626 |
| 22:56 | Crear | Villager (Male) |
| 22:56 | Crear | Villager (Male) |
| 22:56 | Crear | Villager (Male) |
| 22:57 | Crear | Villager (Male) |
| 22:57 | Crear | Villager (Male) |
| 23:03 | Construir | Monastery |
| 23:21 | Crear | Unit 2626 |
| 23:22 | Crear | Unit 2626 |
| 23:22 | Crear | Fire Galley |
| 23:34 | Crear | Unit 2626 |
| 23:37 | Crear | Demolition Raft |
| 23:45 | Crear | Villager (Male) |
| 23:56 | Construir | House |
| 24:11 | Crear | Demolition Raft |
| 24:14 | Crear | Demolition Raft |
| 24:16 | Crear | Villager (Male) |
| 24:21 | Construir | Farm |
| 24:26 | Crear | Villager (Male) |
| 24:57 | Crear | Villager (Male) |
| 24:57 | Crear | Villager (Male) |
| 25:06 | Crear | Villager (Male) |
| 25:09 | Construir | Farm |
| 25:09 | Construir | Farm |
| 25:09 | Construir | Farm |
| 25:10 | Construir | Farm |
| 25:10 | Construir | Farm |
| 25:26 | Crear | Villager (Male) |
| 25:27 | Crear | Villager (Male) |
| 25:32 | Construir | Mule Cart |
| 25:48 | Crear | Unit 2626 |
| 25:48 | Crear | Unit 2626 |
| 26:11 | Crear | Demolition Raft |
| 26:11 | Crear | Demolition Raft |
| 26:29 | Crear | Villager (Male) |
| 26:29 | Crear | Villager (Male) |
| 26:29 | Crear | Villager (Male) |
| 26:29 | Crear | Villager (Male) |
| 26:34 | Construir | Town Center |
| 26:36 | Construir | Monastery |
| 26:57 | Crear | Unit 2626 |
Build order — KDA HDT
Primeras 150 de 208 acciones detectadas
| 0:03 | Construir | Town Center |
| 0:55 | Construir | Dock |
| 1:00 | Construir | Dock |
| 1:22 | Construir | House |
| 2:26 | Crear | Villager (Male) |
| 2:27 | Crear | Villager (Male) |
| 2:33 | Crear | Villager (Male) |
| 2:33 | Crear | Villager (Male) |
| 2:33 | Crear | Villager (Male) |
| 3:37 | Crear | Fishing Ship |
| 3:59 | Crear | Villager (Male) |
| 4:18 | Construir | House |
| 4:42 | Crear | Villager (Male) |
| 5:02 | Crear | Villager (Male) |
| 5:03 | Crear | Fishing Ship |
| 5:22 | Crear | Villager (Male) |
| 5:40 | Construir | House |
| 5:56 | Crear | Villager (Male) |
| 6:12 | Crear | Villager (Male) |
| 6:13 | Crear | Villager (Male) |
| 6:14 | Crear | Fishing Ship |
| 6:38 | Crear | Villager (Male) |
| 6:39 | Crear | Villager (Male) |
| 6:47 | Crear | Villager (Male) |
| 6:49 | Crear | Fishing Ship |
| 7:04 | Construir | House |
| 7:08 | Crear | Villager (Male) |
| 7:08 | Crear | Villager (Male) |
| 7:37 | Crear | Fishing Ship |
| 7:40 | Crear | Villager (Male) |
| 7:46 | Crear | Villager (Male) |
| 8:05 | Crear | Villager (Male) |
| 8:05 | Crear | Villager (Male) |
| 8:06 | Crear | Villager (Male) |
| 8:08 | Crear | Villager (Male) |
| 8:20 | Crear | Villager (Male) |
| 8:24 | Construir | House |
| 8:30 | Crear | Villager (Male) |
| 8:31 | Construir | Lumber Camp |
| 8:32 | Crear | Villager (Male) |
| 8:33 | Crear | Villager (Male) |
| 8:53 | Construir | House |
| 9:07 | Crear | Villager (Male) |
| 9:27 | Crear | Villager (Male) |
| 9:35 | Construir | Mining Camp |
| 9:47 | Crear | Fishing Ship |
| 10:05 | Crear | Villager (Male) |
| 10:20 | Investigar | Loom |
| 10:20 | Investigar | Loom |
| 10:38 | Construir | House |
| 10:46 | Construir | Mining Camp |
| 10:50 | Investigar | Feudal Age |
| 11:30 | Construir | Mill |
| 11:32 | Construir | House |
| 11:54 | Construir | Palisade Wall |
| 13:07 | Edad | Edad Feudal |
| 13:09 | Crear | Villager (Male) |
| 13:09 | Crear | Villager (Male) |
| 13:15 | Construir | Blacksmith |
| 13:17 | Construir | Market |
| 13:46 | Construir | Dock |
| 13:51 | Investigar | Double-Bit Axe |
| 14:06 | Investigar | Castle Age |
| 14:07 | Investigar | Castle Age |
| 15:01 | Construir | House |
| 15:04 | Construir | Palisade Wall |
| 15:39 | Investigar | Tech 906 |
| 15:39 | Investigar | Tech 906 |
| 15:53 | Construir | Palisade Wall |
| 16:46 | Edad | Edad de los Castillos |
| 16:47 | Crear | Villager (Male) |
| 16:47 | Crear | Villager (Male) |
| 16:51 | Construir | Castle |
| 16:58 | Investigar | Bow Saw |
| 16:59 | Crear | Villager (Male) |
| 17:04 | Investigar | Fletching |
| 17:04 | Investigar | Fletching |
| 17:09 | Crear | Fishing Ship |
| 17:38 | Construir | Palisade Wall |
| 17:41 | Construir | House |
| 17:42 | Crear | Villager (Male) |
| 17:58 | Crear | Mangudai |
| 17:58 | Crear | Mangudai |
| 18:00 | Crear | Villager (Male) |
| 18:13 | Crear | Unit 2626 |
| 18:16 | Construir | House |
| 18:17 | Crear | Villager (Male) |
| 18:17 | Crear | Mangudai |
| 18:32 | Crear | Villager (Male) |
| 18:39 | Crear | Mangudai |
| 18:59 | Crear | Villager (Male) |
| 19:10 | Crear | Villager (Male) |
| 19:11 | Crear | Mangudai |
| 19:12 | Crear | Mangudai |
| 19:21 | Investigar | War Galley (upgrade) |
| 19:21 | Investigar | War Galley (upgrade) |
| 19:24 | Crear | Unit 2626 |
| 19:27 | Crear | Unit 2626 |
| 19:28 | Crear | Villager (Male) |
| 19:44 | Crear | Villager (Male) |
| 20:06 | Crear | Villager (Male) |
| 20:12 | Crear | Mangudai |
| 20:28 | Crear | Villager (Male) |
| 20:43 | Crear | Mangudai |
| 20:45 | Crear | Villager (Male) |
| 20:56 | Crear | Mangudai |
| 20:57 | Crear | Villager (Male) |
| 21:14 | Construir | Town Center |
| 21:23 | Construir | House |
| 21:26 | Crear | Villager (Male) |
| 21:28 | Investigar | Bodkin Arrow |
| 21:28 | Investigar | Bodkin Arrow |
| 21:32 | Construir | Stone Wall |
| 21:53 | Crear | Mangudai |
| 22:05 | Construir | Siege Workshop |
| 22:09 | Crear | Mangudai |
| 22:10 | Crear | Mangudai |
| 22:31 | Crear | Mangudai |
| 22:31 | Crear | Mangudai |
| 22:57 | Crear | Mangonel |
| 23:02 | Crear | Villager (Male) |
| 23:16 | Crear | Mangudai |
| 23:29 | Crear | Mangonel |
| 23:37 | Construir | Farm |
| 23:41 | Construir | Farm |
| 23:50 | Construir | Outpost |
| 23:56 | Crear | Mangudai |
| 23:58 | Crear | Villager (Male) |
| 23:59 | Construir | Farm |
| 24:00 | Construir | Farm |
| 24:13 | Construir | Farm |
| 24:19 | Crear | Mangonel |
| 24:46 | Crear | Mangonel |
| 24:49 | Crear | Villager (Male) |
| 24:51 | Construir | Farm |
| 25:21 | Crear | Mangudai |
| 25:23 | Crear | Villager (Male) |
| 25:32 | Construir | Farm |
| 25:36 | Construir | Outpost |
| 25:41 | Crear | Villager (Male) |
| 26:03 | Construir | Lumber Camp |
| 26:10 | Crear | Villager (Male) |
| 26:28 | Crear | Villager (Male) |
| 26:32 | Construir | House |
| 26:50 | Crear | Villager (Male) |
| 26:52 | Construir | Farm |
| 26:53 | Construir | Farm |
| 27:01 | Crear | Villager (Male) |
| 27:14 | Crear | Villager (Male) |
| 27:16 | Crear | Villager (Male) |
Build order — DYS.Chipmunk
Primeras 150 de 210 acciones detectadas
| 0:16 | Construir | Town Center |
| 1:25 | Construir | Dock |
| 1:28 | Construir | House |
| 2:35 | Crear | Villager (Male) |
| 2:35 | Crear | Villager (Male) |
| 2:35 | Crear | Villager (Male) |
| 2:35 | Crear | Villager (Male) |
| 3:35 | Crear | Fishing Ship |
| 3:35 | Crear | Fishing Ship |
| 4:20 | Crear | Villager (Male) |
| 4:47 | Investigar | Loom |
| 4:50 | Construir | House |
| 4:57 | Crear | Villager (Male) |
| 4:57 | Crear | Villager (Male) |
| 5:16 | Crear | Fishing Ship |
| 5:32 | Crear | Villager (Male) |
| 5:56 | Crear | Villager (Male) |
| 6:02 | Construir | House |
| 6:23 | Crear | Villager (Male) |
| 6:43 | Crear | Villager (Male) |
| 6:43 | Crear | Villager (Male) |
| 6:47 | Crear | Fishing Ship |
| 6:47 | Crear | Fishing Ship |
| 7:08 | Crear | Villager (Male) |
| 7:16 | Construir | House |
| 7:19 | Crear | Villager (Male) |
| 7:42 | Crear | Fishing Ship |
| 7:49 | Construir | House |
| 8:04 | Crear | Villager (Male) |
| 8:09 | Crear | Villager (Male) |
| 8:37 | Crear | Fishing Ship |
| 8:52 | Crear | Villager (Male) |
| 8:52 | Crear | Villager (Male) |
| 8:58 | Crear | Villager (Male) |
| 9:15 | Crear | Fishing Ship |
| 9:33 | Construir | Dock |
| 9:39 | Crear | Villager (Male) |
| 9:43 | Construir | House |
| 9:54 | Crear | Villager (Male) |
| 9:55 | Crear | Fishing Ship |
| 10:05 | Crear | Villager (Male) |
| 10:20 | Crear | Fishing Ship |
| 10:23 | Crear | Villager (Male) |
| 10:43 | Crear | Villager (Male) |
| 10:49 | Crear | Fishing Ship |
| 10:56 | Construir | Mill |
| 11:14 | Crear | Fishing Ship |
| 11:21 | Construir | House |
| 11:40 | Investigar | Feudal Age |
| 11:53 | Construir | Mining Camp |
| 12:29 | Construir | House |
| 13:43 | Crear | Fishing Ship |
| 13:44 | Crear | Fishing Ship |
| 13:55 | Crear | Villager (Male) |
| 13:56 | Crear | Villager (Male) |
| 14:02 | Edad | Edad Feudal |
| 14:10 | Construir | Market |
| 14:24 | Construir | Blacksmith |
| 15:06 | Investigar | Castle Age |
| 15:06 | Investigar | Castle Age |
| 15:18 | Construir | Lumber Camp |
| 15:32 | Crear | Unit 2626 |
| 15:32 | Crear | Unit 2626 |
| 16:01 | Construir | Dock |
| 16:04 | Investigar | Double-Bit Axe |
| 16:04 | Investigar | Double-Bit Axe |
| 16:06 | Investigar | Gold Mining |
| 16:43 | Construir | Palisade Wall |
| 16:45 | Construir | Palisade Wall |
| 17:00 | Crear | Villager (Male) |
| 17:00 | Crear | Villager (Male) |
| 17:01 | Crear | Villager (Male) |
| 17:10 | Crear | Unit 2626 |
| 17:11 | Crear | Unit 2626 |
| 17:46 | Edad | Edad de los Castillos |
| 17:49 | Construir | Town Center |
| 17:53 | Crear | Villager (Male) |
| 17:53 | Crear | Villager (Male) |
| 18:09 | Crear | Unit 2626 |
| 18:09 | Crear | Unit 2626 |
| 18:36 | Crear | Villager (Male) |
| 18:41 | Crear | Villager (Male) |
| 18:42 | Crear | Villager (Male) |
| 18:42 | Crear | Villager (Male) |
| 18:44 | Crear | Villager (Male) |
| 18:52 | Crear | Villager (Male) |
| 19:02 | Crear | Villager (Male) |
| 19:04 | Construir | Town Center |
| 19:10 | Crear | Villager (Male) |
| 19:15 | Crear | Unit 2626 |
| 19:15 | Crear | Unit 2626 |
| 19:30 | Investigar | War Galley (upgrade) |
| 19:35 | Crear | Villager (Male) |
| 19:37 | Construir | House |
| 19:38 | Construir | House |
| 19:55 | Crear | Villager (Male) |
| 20:00 | Crear | Villager (Male) |
| 20:01 | Crear | Villager (Male) |
| 20:05 | Construir | House |
| 20:06 | Crear | Villager (Male) |
| 20:15 | Crear | Villager (Male) |
| 20:17 | Crear | Villager (Male) |
| 20:18 | Crear | Villager (Male) |
| 20:22 | Crear | Villager (Male) |
| 20:26 | Crear | Villager (Male) |
| 20:56 | Crear | Villager (Male) |
| 20:57 | Crear | Villager (Male) |
| 21:08 | Crear | Villager (Male) |
| 21:10 | Crear | Villager (Male) |
| 21:12 | Crear | Villager (Male) |
| 21:13 | Crear | Villager (Male) |
| 21:28 | Construir | House |
| 21:29 | Construir | House |
| 21:30 | Construir | House |
| 21:30 | Construir | House |
| 21:31 | Construir | House |
| 21:57 | Crear | Villager (Male) |
| 21:58 | Crear | Villager (Male) |
| 21:58 | Crear | Villager (Male) |
| 22:04 | Crear | Villager (Male) |
| 22:10 | Construir | Town Center |
| 22:12 | Crear | Villager (Male) |
| 22:21 | Construir | Siege Workshop |
| 22:23 | Crear | Villager (Male) |
| 22:36 | Investigar | Fletching |
| 22:36 | Investigar | Fletching |
| 22:37 | Crear | Villager (Male) |
| 22:48 | Crear | Villager (Male) |
| 22:51 | Crear | Mangonel |
| 23:03 | Crear | Villager (Male) |
| 23:03 | Crear | Villager (Male) |
| 23:08 | Crear | Villager (Male) |
| 23:11 | Construir | House |
| 23:24 | Crear | Villager (Male) |
| 23:29 | Crear | Villager (Male) |
| 23:40 | Crear | Villager (Male) |
| 23:40 | Crear | Villager (Male) |
| 23:50 | Crear | Villager (Male) |
| 23:54 | Construir | House |
| 23:59 | Crear | Villager (Male) |
| 24:24 | Crear | Villager (Male) |
| 24:35 | Crear | Mangonel |
| 24:39 | Crear | Villager (Male) |
| 24:46 | Crear | Villager (Male) |
| 24:53 | Construir | Castle |
| 24:54 | Crear | Villager (Male) |
| 25:08 | Investigar | Bodkin Arrow |
| 25:30 | Crear | Villager (Male) |
| 25:42 | Crear | Villager (Male) |
| 25:51 | Construir | Lumber Camp |
Build order — _LY_Pala
Primeras 150 de 331 acciones detectadas
| 0:10 | Construir | Town Center |
| 0:58 | Construir | Dock |
| 1:38 | Construir | House |
| 2:27 | Crear | Villager (Male) |
| 2:27 | Crear | Villager (Male) |
| 2:28 | Crear | Villager (Male) |
| 2:28 | Crear | Villager (Male) |
| 3:20 | Crear | Villager (Male) |
| 3:27 | Crear | Fishing Ship |
| 4:11 | Construir | House |
| 4:33 | Crear | Villager (Male) |
| 4:52 | Crear | Villager (Male) |
| 5:21 | Crear | Villager (Male) |
| 5:28 | Crear | Villager (Male) |
| 5:30 | Crear | Fishing Ship |
| 5:55 | Construir | House |
| 6:01 | Crear | Villager (Male) |
| 6:04 | Crear | Villager (Male) |
| 6:37 | Crear | Villager (Male) |
| 6:42 | Crear | Fishing Ship |
| 7:11 | Crear | Fishing Ship |
| 7:14 | Crear | Villager (Male) |
| 7:21 | Construir | House |
| 7:38 | Crear | Fishing Ship |
| 7:47 | Crear | Villager (Male) |
| 8:02 | Construir | House |
| 8:05 | Crear | Villager (Male) |
| 8:21 | Crear | Fishing Ship |
| 8:29 | Crear | Villager (Male) |
| 8:32 | Construir | House |
| 8:56 | Crear | Villager (Male) |
| 9:00 | Crear | Fishing Ship |
| 9:05 | Construir | House |
| 9:25 | Crear | Villager (Male) |
| 9:42 | Crear | Fishing Ship |
| 9:56 | Construir | House |
| 10:02 | Crear | Villager (Male) |
| 10:21 | Construir | Dock |
| 10:23 | Crear | Fishing Ship |
| 10:29 | Crear | Villager (Male) |
| 10:39 | Construir | Lumber Camp |
| 10:40 | Crear | Villager (Male) |
| 11:14 | Construir | Mining Camp |
| 11:17 | Investigar | Feudal Age |
| 11:38 | Construir | Mill |
| 11:57 | Construir | House |
| 12:58 | Construir | Palisade Wall |
| 12:59 | Construir | Palisade Wall |
| 13:10 | Crear | Villager (Male) |
| 13:10 | Crear | Villager (Male) |
| 13:29 | Edad | Edad Feudal |
| 13:30 | Construir | Market |
| 13:33 | Construir | Blacksmith |
| 13:57 | Construir | Palisade Gate |
| 14:11 | Investigar | Double-Bit Axe |
| 14:18 | Construir | Palisade Wall |
| 14:22 | Investigar | Castle Age |
| 14:24 | Crear | Unit 2626 |
| 14:25 | Crear | Unit 2626 |
| 14:46 | Construir | House |
| 14:47 | Construir | House |
| 14:54 | Construir | House |
| 14:56 | Construir | Palisade Wall |
| 15:01 | Investigar | Gold Mining |
| 15:07 | Crear | Unit 2626 |
| 15:14 | Crear | Unit 2626 |
| 15:47 | Crear | Villager (Male) |
| 16:22 | Crear | Unit 2626 ×4 |
| 17:02 | Edad | Edad de los Castillos |
| 17:05 | Investigar | War Galley (upgrade) |
| 17:08 | Crear | Villager (Male) |
| 17:09 | Investigar | Bow Saw |
| 17:29 | Crear | Villager (Male) |
| 17:32 | Construir | Town Center |
| 17:56 | Crear | Villager (Male) |
| 18:14 | Crear | Unit 2626 |
| 18:14 | Crear | Unit 2626 |
| 18:37 | Crear | Villager (Male) |
| 18:44 | Investigar | Horse Collar |
| 18:52 | Crear | Unit 2626 |
| 18:53 | Crear | Unit 2626 |
| 18:53 | Crear | Unit 2626 |
| 19:01 | Crear | Villager (Male) |
| 19:10 | Crear | Villager (Male) |
| 19:10 | Crear | Villager (Male) |
| 19:14 | Crear | Villager (Male) |
| 19:14 | Crear | Villager (Male) |
| 19:15 | Crear | Villager (Male) |
| 19:18 | Construir | House |
| 19:29 | Crear | Unit 2626 |
| 19:30 | Crear | Unit 2626 |
| 19:30 | Crear | Unit 2626 |
| 19:38 | Crear | Villager (Male) |
| 19:39 | Crear | Villager (Male) |
| 19:40 | Crear | Villager (Male) |
| 19:45 | Crear | Villager (Male) |
| 19:46 | Crear | Villager (Male) |
| 19:51 | Construir | Town Center |
| 20:00 | Crear | Unit 2626 |
| 20:10 | Crear | Unit 2626 |
| 20:11 | Crear | Unit 2626 |
| 20:20 | Crear | Villager (Male) |
| 20:23 | Construir | House |
| 20:27 | Crear | Villager (Male) |
| 20:28 | Crear | Villager (Male) |
| 20:44 | Construir | House |
| 20:46 | Crear | Unit 2626 |
| 20:47 | Crear | Unit 2626 |
| 20:47 | Crear | Unit 2626 |
| 20:59 | Construir | House |
| 21:03 | Crear | Villager (Male) |
| 21:05 | Investigar | Heavy Plow |
| 21:09 | Crear | Villager (Male) |
| 21:09 | Crear | Villager (Male) |
| 21:10 | Crear | Villager (Male) |
| 21:11 | Crear | Villager (Male) |
| 21:12 | Crear | Villager (Male) |
| 21:25 | Investigar | Loom |
| 21:30 | Crear | Villager (Male) |
| 21:41 | Construir | House |
| 21:45 | Construir | Farm |
| 21:46 | Construir | Farm |
| 21:51 | Crear | Unit 2626 |
| 21:52 | Crear | Unit 2626 |
| 21:52 | Crear | Unit 2626 |
| 21:59 | Crear | Villager (Male) |
| 22:01 | Construir | Dock |
| 22:05 | Crear | Unit 2626 ×3 |
| 22:07 | Crear | Villager (Male) |
| 22:08 | Crear | Villager (Male) |
| 22:08 | Crear | Villager (Male) |
| 22:09 | Crear | Villager (Male) |
| 22:15 | Crear | Villager (Male) |
| 22:17 | Construir | Town Center |
| 22:27 | Crear | Unit 2626 |
| 22:27 | Crear | Unit 2626 |
| 22:28 | Crear | Unit 2626 |
| 22:28 | Crear | Unit 2626 |
| 22:33 | Construir | House |
| 22:36 | Crear | Villager (Male) |
| 22:36 | Crear | Villager (Male) |
| 22:36 | Crear | Villager (Male) |
| 22:37 | Crear | Villager (Male) |
| 22:37 | Crear | Villager (Male) |
| 22:37 | Crear | Villager (Male) |
| 22:40 | Construir | House |
| 22:45 | Investigar | Wheelbarrow |
| 22:52 | Crear | Unit 2626 ×3 |
| 22:53 | Crear | Villager (Male) |
| 22:54 | Crear | Villager (Male) |
Cronología de la partida
| 0:21 | 合川狗大高手 · first_building Dock |
| 0:55 | KDA HDT · first_building Dock |
| 0:57 | [LuB]a61 · first_building Dock |
| 0:58 | _LY_Pala · first_building Dock |
| 1:15 | DYS.K · first_building Dock |
| 1:25 | DYS.Chipmunk · first_building Dock |
| 1:30 | B站帝国时代2骑士老爷 · first_building Dock |
| 1:33 | DemonSheep · first_building Dock |
| 1:33 | B站帝国时代2骑士老爷 · wall_segment Palisade Wall x1 |
| 1:38 | B站帝国时代2骑士老爷 · wall_segment Palisade Wall x1 |
| 2:31 | B站帝国时代2骑士老爷 · wall_segment Palisade Wall x1 |
| 2:45 | B站帝国时代2骑士老爷 · wall_segment Palisade Wall x1 |
| 3:00 | B站帝国时代2骑士老爷 · wall_segment Palisade Wall x1 |
| 3:05 | B站帝国时代2骑士老爷 · wall_segment Palisade Wall x1 |
| 3:16 | B站帝国时代2骑士老爷 · wall_segment Palisade Wall x1 |
| 8:12 | [LuB]a61 · wall_segment Palisade Wall x1 |
| 11:54 | KDA HDT · wall_segment Palisade Wall x1 |
| 12:58 | _LY_Pala · wall_segment Palisade Wall x1 |
| 12:59 | _LY_Pala · wall_segment Palisade Wall x1 |
| 13:05 | 合川狗大高手 · first_building Barracks |
| 13:07 | KDA HDT · age_up feudal |
| 13:20 | DYS.K · age_up feudal |
| 13:29 | _LY_Pala · age_up feudal |
| 13:46 | 合川狗大高手 · age_up feudal |
| 13:47 | [LuB]a61 · age_up feudal |
| 13:56 | 合川狗大高手 · first_building Stable |
| 13:57 | DemonSheep · first_building Barracks |
| 14:02 | DYS.Chipmunk · age_up feudal |
| 14:18 | _LY_Pala · wall_segment Palisade Wall x1 |
| 14:22 | B站帝国时代2骑士老爷 · age_up feudal |
| 14:37 | 合川狗大高手 · first_market_sell 100 stone |
| 14:45 | [LuB]a61 · first_market_buy 100 food |
| 14:48 | DemonSheep · age_up feudal |
| 14:53 | DemonSheep · first_building Archery Range |
| 14:56 | _LY_Pala · wall_segment Palisade Wall x4 |
| 15:04 | KDA HDT · wall_segment Palisade Wall x4 |
| 15:09 | DYS.K · wall_segment Palisade Wall x1 |
| 15:48 | [LuB]a61 · wall_segment Palisade Wall x1 |
| 15:49 | [LuB]a61 · wall_segment Palisade Wall x1 |
| 15:50 | [LuB]a61 · wall_segment Palisade Wall x1 |
| 15:53 | KDA HDT · wall_segment Palisade Wall x8 |
| 16:03 | DYS.K · wall_segment Palisade Wall x3 |
| 16:43 | DYS.Chipmunk · wall_segment Palisade Wall x1 |
| 16:44 | [LuB]a61 · wall_segment Palisade Wall x1 |
| 16:45 | DYS.Chipmunk · wall_segment Palisade Wall x1 |
| 16:46 | [LuB]a61 · wall_segment Palisade Wall x1 |
| 16:46 | KDA HDT · age_up castle |
| 16:49 | [LuB]a61 · wall_segment Palisade Wall x1 |
| 16:51 | [LuB]a61 · wall_segment Palisade Wall x1 |
| 16:51 | KDA HDT · first_building Castle |
| 16:57 | [LuB]a61 · wall_segment Palisade Wall x1 |
| 16:58 | [LuB]a61 · wall_segment Palisade Wall x1 |
| 16:59 | DYS.K · age_up castle |
| 17:02 | _LY_Pala · age_up castle |
| 17:21 | 合川狗大高手 · age_up castle |
| 17:25 | [LuB]a61 · age_up castle |
| 17:38 | KDA HDT · wall_segment Palisade Wall x1 |
| 17:46 | DYS.Chipmunk · age_up castle |
| 17:54 | B站帝国时代2骑士老爷 · age_up castle |
| 18:15 | DemonSheep · wall_segment Stone Wall x2 |
| 18:17 | DemonSheep · wall_segment Stone Wall x4 |
| 18:23 | DemonSheep · age_up castle |
| 18:26 | [LuB]a61 · wall_segment Palisade Wall x1 |
| 18:35 | DemonSheep · first_building Monastery |
| 19:20 | [LuB]a61 · first_market_sell 100 food |
| 19:55 | DemonSheep · wall_segment Stone Wall x1 |
| 21:32 | KDA HDT · wall_segment Stone Wall x6 |
| 21:38 | DemonSheep · wall_segment Stone Wall x8 |
| 21:42 | 合川狗大高手 · first_building Castle |
| 22:05 | KDA HDT · first_building Siege Workshop |
| 22:21 | DYS.Chipmunk · first_building Siege Workshop |
| 22:56 | KDA HDT · first_market_sell 100 wood |
| 23:02 | DYS.Chipmunk · first_market_buy 100 food |
| 23:03 | DYS.K · first_building Monastery |
| 23:14 | _LY_Pala · first_building Monastery |
| 24:10 | DemonSheep · wall_segment Palisade Wall x1 |
| 24:11 | DemonSheep · wall_segment Palisade Wall x1 |
| 24:13 | DemonSheep · wall_segment Palisade Wall x1 |
| 24:14 | B站帝国时代2骑士老爷 · first_building Monastery |
| 24:14 | DemonSheep · wall_segment Palisade Wall x1 |
| 24:19 | DemonSheep · wall_segment Palisade Wall x1 |
| 24:53 | DYS.Chipmunk · first_building Castle |
| 25:07 | DYS.Chipmunk · first_market_sell 100 wood |
| 25:32 | DemonSheep · wall_segment Stone Wall x1 |
| 25:47 | DemonSheep · first_market_sell 100 food |
| 25:50 | [LuB]a61 · first_building Castle |
| 26:31 | [LuB]a61 · wall_segment Stone Wall x1 |
| 26:33 | B站帝国时代2骑士老爷 · wall_segment Stone Wall x1 |
| 26:38 | B站帝国时代2骑士老爷 · wall_segment Stone Wall x1 |
| 27:03 | DemonSheep · wall_segment Stone Wall x4 |
| 27:05 | DemonSheep · wall_segment Stone Wall x5 |
| 27:17 | [LuB]a61 · first_building Barracks |
| 27:37 | KDA HDT · first_market_buy 100 wood |
| 28:17 | [LuB]a61 · first_building Stable |
| 28:24 | B站帝国时代2骑士老爷 · wall_segment Stone Wall x1 |
| 28:28 | B站帝国时代2骑士老爷 · first_building Barracks |
| 28:39 | _LY_Pala · first_building Castle |
| 29:58 | _LY_Pala · first_building Barracks |
| 30:17 | B站帝国时代2骑士老爷 · first_market_buy 100 stone |
| 30:24 | _LY_Pala · first_building Stable |
| 30:27 | B站帝国时代2骑士老爷 · first_building Castle |
| 30:33 | [LuB]a61 · wall_segment Stone Wall x1 |
| 31:07 | DemonSheep · age_up imperial |
| 31:35 | DemonSheep · first_building Castle |
| 31:36 | B站帝国时代2骑士老爷 · age_up imperial |
| 32:19 | DYS.K · first_market_sell 100 stone |
| 32:28 | B站帝国时代2骑士老爷 · first_market_sell 100 wood |
| 32:32 | [LuB]a61 · age_up imperial |
| 32:32 | _LY_Pala · age_up imperial |
| 32:46 | DemonSheep · resign |
[ ANÁLISIS IA · 1 CRÉDITO ]
¿Qué pasó realmente en esta partida?
Wolo.gg analiza cada decisión: build order, eco, micro, errores típicos por bracket. Análisis personalizado por WhatsApp o Discord en 30 segundos.
Guía civ
Aztecas
Perfil
CNZS_骑士老爷_帝国时代2